 Dungeon Crawl Stone Soup version 0.20.0-3-g22ec75f (webtiles) character file.

23 Chiseanne the Vexing (level 2, 0/16 HPs)
             Began as a Deep Elf Arcane Marksman on May 27, 2017.
             Slain by a quokka (3 damage)
             ... on level 1 of the Dungeon.
             The game lasted 00:03:35 (1190 turns).

Chiseanne the Vexing (Deep Elf Arcane Marksman)     Turns: 1190, Time: 00:03:36

Health: 0/16       AC:  6    Str: 10    XL:     2   Next: 72%
Magic:  7/7        EV: 16    Int: 17    God:
Gold:   98         SH:  0    Dex: 20    Spells: 4/5 levels left

rFire    . . .     SeeInvis .   a - +0 spear
rCold    . . .     Gourm    .   (no shield)
rNeg     . . .     Faith    .   k - +1 ring mail
rPois    .         Spirit   .   (no helmet)
rElec    .         Reflect  .   (no cloak)
rCorr    .         Harm     .   (no gloves)
MR       .....                  (no boots)
Stlth    ++........             (no amulet)
Regen    0.1/turn               h - +3 ring of strength
MPRegen  0.1/turn               (no ring)

@: agile
A: no striking features
a: no special abilities


You were on level 1 of the Dungeon.
You were not hungry.

You visited 1 branch of the dungeon, and saw 2 of its levels.

You collected 98 gold pieces.

Inventory:

Hand Weapons
 a - a +0 spear (weapon)
 w - a +0 hunting sling
Missiles
 b - 78 stones (quivered)
 d - 12 sling bullets
 j - 8 tomahawks
 m - 20 arrows
Armour
 k - a +1 ring mail (worn)
Jewellery
 h - a +3 ring of strength (left hand)
Scrolls
 e - a scroll of teleportation
Potions
 o - a potion of resistance {unknown}
Books
 c - a book of Debilitation

   Spells                             Type                      Level
   a - Corona                         Hexes                        1
   b - Slow                           Hexes                        2
   c - Inner Flame                    Hexes/Fire                   3
   d - Portal Projectile              Hexes/Translocation          3
   e - Cause Fear                     Hexes                        4
   f - Leda's Liquefaction            Hexes/Earth                  4
Comestibles
 f - a bread ration
 g - a royal jelly
 i - 4 fruits


   Skills:
 * Level 1.2 Fighting
 - Level 1.6 Slings
 * Level 0.1 Armour
 * Level 2.8 Dodging
 * Level 2.2 Spellcasting
 * Level 4.3 Hexes


You had 4 spell levels left.
You knew the following spells:

 Your Spells              Type           Power        Failure   Level  Hunger
a - Corona                Hex            ###....      9%          1    #......


Dungeon Overview and Level Annotations

Branches:
Dungeon (2/15)

Altars:

Annotations:
D:2 Terence


Message History

You barely miss Terence.
Terence is moderately wounded.
Terence hits you with a flail.
You closely miss Terence.
Terence is moderately wounded.
Terence hits you with a flail.
* * * LOW HITPOINT WARNING * * *
Terence asks, "Do you want it fast or slow?"
There is a stone staircase leading up here.
Terence looks scornfully at you. The quokka barely misses you.
Terence closely misses you.
You climb upwards.
There is a stone staircase leading down here.
You hit the quokka.
The quokka is lightly wounded.
The quokka closely misses you.
You barely miss the quokka.
The quokka is lightly wounded.
The quokka misses you. The quokka bites you.
You die...

..# #.##.###...##.#####.# ###
#.##.##.............# #
#...........#.#####.#
###########.##...#.#.# #.#
.........##.##...#.#.# #.#
...................#.# #.# ####
########.##........#.# #.# #...
##.## #.##..........# #.# #...
##.#.###.##.....@...## #.# #...
..###.##.##....r....# #.####.#
##.#.###............# #.......
##.## ####...>.....# #.####.#
#.# ###...##..######.# #..#
#.##########.............###.##
#.................#####........
#####.#######.##...## #.####...
##...## #.#.###.###.# #..#


You could see a quokka.

Vanquished Creatures
  A dart slug (D:2)
  2 bats (D:1)
  2 giant cockroaches (D:1)
  A hobgoblin (D:1)
  4 jackals (D:1)
  2 frilled lizards
  3 goblins
  2 kobolds (D:1)
  3 rats
20 creatures vanquished.

Notes
Turn   | Place    | Note
-------+----------+-------------------------------------------
     0 | D:1      | Chiseanne the Deep Elf Arcane Marksman began the quest for the Orb.
     0 | D:1      | Reached XP level 1. HP: 11/11 MP: 5/5
   247 | D:1      | Reached skill level 1 in Fighting
   315 | D:1      | Reached XP level 2. HP: 15/16 MP: 7/7
  1167 | D:2      | Noticed Terence
  1190 | D:1      | Slain by a quokka

Skill      XL: |  1 |
---------------+----+-----
Fighting       | 1 |  1.2
Spellcasting   | 2 |  2.2
Slings         | |  1.6
Armour         | |  0.1
Dodging        | |  2.8
Hexes          | |  4.3

Action                   || total
-------------------------++-------
Melee: Spear             ||    14
 Fire: Hunting sling     ||    69
 Cast: Corona            ||     1
  Use: Scroll            ||     6
       Potion            ||     1
  Eat: Chunk             ||     1
Armor: Ring mail         ||    18
Dodge: Dodged            ||    27
